 Dungeon Crawl Stone Soup version 0.17.0-24-gcfadda4 (webtiles) character file.

506 M4edhros the Sneak (level 7, -2/43 HPs)
             Began as an Octopode Artificer on Nov 16, 2015.
             Slain by a crimson imp (3 damage)
             ... on level 5 of the Dungeon.
             The game lasted 00:03:18 (2133 turns).

M4edhros the Sneak (Octopode Artificer)             Turns: 2133, Time: 00:03:18

Health: -2/43      AC:  1    Str: 10    XL:     7   Next: 18%
Magic:  11/11      EV: 12    Int: 15    God:    Xom [..*...]
Gold:   166        SH:  0    Dex: 12    Spells: 0 memorised, 6 levels left

rFire  . . .     SeeInvis .     g - +0 short sword (freeze)
rCold  . . .     Clarity  .     (no shield)
rNeg   + . .     SustAt   .     (helmet restricted)
rPois  .         Gourm    .     (no amulet)
rElec  .         Spirit   .     l - ring of positive energy
rCorr  .         Warding  .     (no ring)
rMut   .         Stasis   .     (no ring)
MR     .....                    (no ring)
Stlth  +++++.....               (no ring)
                                (no ring)
                                (no ring)
                                (no ring)

@: not resistant to hostile enchantments, quite stealthy
A: almost no armour, amphibious, 8 rings, constrict 8, camouflage 1, clumsy 1,
deterioration 1, gelatinous body 1
a: Renounce Religion


You were on level 5 of the Dungeon.
You worshipped Xom.
You were a toy of Xom.
You were near starving.

You visited 1 branch of the dungeon, and saw 5 of its levels.

You collected 166 gold pieces.

Inventory:

Hand Weapons
 a - a +0 short sword
 g - a +0 short sword of freezing (weapon)
Armour
 n - a +0 buckler
Jewellery
 l - a ring of positive energy (left tentacle)
 t - an uncursed ring of sustain attributes {unknown}
Wands
 b - a wand of flame (11)
 c - a wand of enslavement (12)
 d - a wand of random effects (8)
 p - a wand of random effects (15)
Scrolls
 m - 2 scrolls of teleportation {unknown}
 o - a scroll of random uselessness {unknown}
 r - a scroll of recharging {unknown}
 s - a scroll of amnesia {unknown}
Potions
 h - 2 potions of heal wounds {unknown}
 i - a potion of curing {unknown}
 j - 2 potions of might {unknown}
 q - a potion of lignification {unknown}
 u - a potion of poison {unknown}
Comestibles
 e - 2 bread rations
 f - 3 royal jellies
 k - 3 meat rations


   Skills:
 - Level 1.0 Fighting
 - Level 1.0 Short Blades
 - Level 2.0 Dodging
 + Level 7.5 Stealth
 + Level 6.5 Evocations


You had 6 spell levels left.
You didn't know any spells.

Dungeon Overview and Level Annotations

Branches:
Dungeon (5/15)
 Temple: D:4-7

Altars:
Ashenzari
Sif Muna
Xom

Annotations:
D:5 tp1's ghost, amateur DECj


Innate Abilities, Weirdness & Mutations

You cannot wear most types of armour.
You are amphibious.
You can wear up to eight rings at the same time.
You can use your tentacles to constrict eight enemies at once.
Your skin changes colour to match your surroundings (Stealth).
Your rubbery body absorbs attacks (AC +1).
You are clumsy. (Dex -2)
Your body sometimes deteriorates upon taking damage.


Message History

You constrict the shadow imp. The shadow imp barely misses you.
You hit the shadow imp.
The shadow imp is severely wounded.
You constrict the shadow imp. The shadow imp gestures at you.
Pain shoots through your body!
* * * LOW HITPOINT WARNING * * *
You barely miss the shadow imp.
The shadow imp is almost dead.
You constrict the shadow imp.
You kill the shadow imp!
You are too injured to fight recklessly!
The crimson imp hits you.
* * * LOW HITPOINT WARNING * * *
You are too injured to fight recklessly!
You hit the crimson imp but do no damage.
You grab the crimson imp.
You constrict the crimson imp, but do no damage.
The crimson imp hits you.
You die...

#........<## #.##.......##
#.#W........# #.#.........# ##+##
#.#.........# ##...##
#.##.......## ## #.###.....##
#.........## #!###.##.......#
###......########...##.#.........
...............)@5.....'.........
###...#.#########...##.#>...)....
...#.##.# #.###.##........
###.###.# #####.###.....#.
#.....# #............##.
###.##### #.###.###.#+#### ...##
##.###.# #.#.# #.## #......#
#.#.# ..# #####..#######.#.##


You could see a crimson imp.

Vanquished Creatures
  An orc warrior (D:4)
  A sky beast (D:5)
  An orc priest (D:4)
  A crimson imp (D:5)
  A jelly (D:5)
  A worker ant (D:5)
  Terence (D:2)
  A killer bee zombie (D:5)
  2 adders (D:2)
  2 shadow imps (D:5)
  An ooze (D:1)
  A worm (D:4)
  4 giant geckos
  8 orcs
  2 giant cockroaches (D:4)
  8 goblins
  2 hobgoblins (D:1)
  5 jackals
  A ball python (D:1)
  3 bats
  A giant newt (D:1)
  11 kobolds
  4 rats
63 creatures vanquished.

Vanquished Creatures (collateral kills)
  A crimson imp (D:5)
  An orc wizard (D:4)
  An orc priest (D:4)
  3 orcs (D:5)
6 creatures vanquished.

Grand Total: 69 creatures vanquished

Notes
Turn   | Place    | Note
--------------------------------------------------------------
     0 | D:1      | M4edhros the Octopode Artificer began the quest for the Orb.
     0 | D:1      | Reached XP level 1. HP: 13/13 MP: 3/3
   117 | D:1      | Reached XP level 2. HP: 18/18 MP: 4/4
   297 | D:1      | Reached skill level 4 in Evocations
   297 | D:1      | Reached XP level 3. HP: 8/23 MP: 4/6
   689 | D:2      | Noticed Terence
   700 | D:2      | Killed Terence
   700 | D:2      | Reached XP level 4. HP: 17/28 MP: 7/7
  1130 | D:3      | Found a shattered altar of Ashenzari.
  1221 | D:4      | Found a deep blue altar of Sif Muna.
  1272 | D:4      | Noticed an orc warrior
  1278 | D:4      | Killed an orc warrior
  1278 | D:4      | Reached skill level 5 in Stealth
  1278 | D:4      | Reached skill level 5 in Evocations
  1278 | D:4      | Reached XP level 5. HP: 28/33 MP: 8/8
  1510 | D:4      | Reached XP level 6. HP: 33/38 MP: 10/10
  1512 | D:4      | Reached skill level 6 in Stealth
  1572 | D:4      | Found a shimmering altar of Xom.
  1601 | D:4      | Became a worshipper of Xom of Ineffable Intent
  1633 | D:5      | Entered Level 5 of the Dungeon
  1783 | D:5      | Reached skill level 7 in Stealth
  1783 | D:5      | Reached XP level 7. HP: 20/43 MP: 11/11
  1787 | D:5      | Gained mutation: You are clumsy. (Dex -2) [mutagenic meat]
  1788 | D:5      | Gained mutation: Your body sometimes deteriorates upon taking damage. [mutagenic meat]
  1896 | D:5      | XOM: silly message
  2061 | D:5      | Noticed tp1's ghost (amateur DECj)
  2065 | D:5      | XOM: cast spell 'Cause Fear'
  2069 | D:5      | XOM: silly message
  2122 | D:5      | XOM: enchant monster (good)
  2132 | D:5      | HP: 1/43 [crimson imp (4)]
  2133 | D:5      | Slain by a crimson imp

Action                   |  1- 3 |  4- 6 |  7- 9 || total
-------------------------+-------+-------+-------++-------
Melee: Short sword       |    54 |    60 |    22 ||   136
Evoke: Wand              |       |    11 |     3 ||    14
 Stab: Sleeping          |     6 |    15 |     3 ||    24
  Eat: Chunk             |       |     2 |     2 ||     4
